 Dungeon Crawl Stone Soup version 0.31-a0-193-gdfe2569204 (webtiles) character file.

Game seed: 4419283738762905409

42 qw the Shooter (level 3, -2/20 HPs)
             Began as a Deep Elf Hunter on June 24, 2023.
             Slain by Natasha (8 damage)
             ... on level 2 of the Dungeon.
             The game lasted 00:00:21 (1011 turns).

qw the Shooter (Deep Elf Hunter)                    Turns: 1011, Time: 00:00:21

Health: -2/20      AC:  3    Str: 10    XL:     3   Next: 35%
Magic:  5/5        EV: 12    Int: 13    God:
Gold:   123        SH:  0    Dex: 18    Spells: 2/2 levels left

rFire   . . .        Y - +0 arbalest
rCold   . . .        (shield currently unavailable)
rNeg    . . .        c - +0 leather armour
rPois   .            (no helmet)
rElec   .            (no cloak)
rCorr   .            (no gloves)
SInv    .            (no boots)
Will    .....        (no amulet)
Stlth   ++           (no ring)
HPRegen 0.23/turn    (no ring)
MPRegen 0.09/turn

%: no passive effects
@: no status effects
A: no striking features
a: no special abilities


You were on level 2 of the Dungeon.
You visited 1 branch of the dungeon, and saw 2 of its levels.

You collected 123 gold pieces.


   Skills:
 - Level 1.5 Fighting
 + Level 6.9 Ranged Weapons
 - Level 2.4 Dodging
 - Level 1.2 Stealth


You had 2 spell levels left.
You didn't know any spells.
Your spell library was empty.

Inventory:

Hand Weapons
 Y - a +0 arbalest (weapon)
Armour
 a - a +0 ring mail
 c - a +0 leather armour (worn)
Potions
 d - 2 potions of curing
 e - a potion of lignification {unknown}
 f - a potion of might {unknown}

Dungeon Overview and Level Annotations

Branches:
Dungeon (2/15)

Altars:

Annotations:
D:2 Natasha


Message History

The withered plant begins to crumble.
The spectral bat hits the withered plant.
The bat zombie hits the withered plant.
The withered plant begins to crumble.
The cerulean imp hits you from afar with a +2 spear.
An adder skeleton comes into view.
The bat zombie hits the withered plant.
1004 ||| Stepping ~*~*~tactically~*~*~ (outnumbered).
You shoot a bolt. The bolt misses the cerulean imp.
The cerulean imp hits you from afar with a +2 spear.
The cerulean imp barely misses you.
You shoot a bolt. The bolt misses the cerulean imp.
The cerulean imp closely misses you.
Something hits the withered plant!
The withered plant begins to crumble.
Something hits the withered plant!
The cerulean imp hits you from afar with a +2 spear.
You shoot a bolt. The bolt hits the cerulean imp!
You kill the cerulean imp!
The cerulean imp disappears in a puff of smoke!
The cerulean imp hits you from afar with a +2 spear.
You shoot a bolt. The bolt hits the cerulean imp!!
You kill the cerulean imp!
The cerulean imp disappears in a puff of smoke!
The bat zombie hits you but does no damage.
The bat zombie closely misses you.
You shoot a bolt. The bolt hits the bat zombie.
The bat zombie is lightly damaged.
The bat zombie hits you.
The bat zombie hits you but does no damage.
The bat zombie hits you.
The bat zombie hits you but does no damage.
You shoot a bolt. The bolt hits the bat zombie!!
You destroy the bat zombie!
The withered plant crumbles away.
The spectral bat hits you but does no damage.
The spectral bat misses you. The spectral bat barely misses you.
You shoot a bolt. The bolt hits the spectral bat!
You destroy the spectral bat!
The bat skeleton barely misses you.
The bat skeleton hits you but does no damage. x2
The bat skeleton barely misses you. Natasha claws you!
You die...

.......>...#
#..#)#
####.#..####
#..#.#
#.#..######..#%#
#.#..........#..
#.#...######...#
#.#..........#.#
#.##..######.#.#
###.....# # #..
#@Z.....# #..
77h.....# #.#
7PPP.Z.....# #.#
7PP5.Z¤.7....#
#.#
...PPPP77##..#
#.# .Zh7777 #.[#
#.# Z. ...< #.#
. .## #.# #..


You could see Natasha, a bat skeleton and an adder skeleton.

Vanquished Creatures
  An adder (D:2)
  A spectral bat (D:2)
  A bat zombie (D:2)
  2 endoplasms (D:1)
  A giant cockroach (D:2)
  5 goblins (D:1)
  6 hobgoblins
  2 jackals (D:2)
  A ball python (D:2)
  3 bats (D:1)
  A frilled lizard (D:1)
  3 kobolds
  3 rats (D:1)
30 creatures vanquished.

Notes
Turn   | Place    | Note
-------+----------+-------------------------------------------
     0 | D:1      | qw the Deep Elf Hunter began the quest for the Orb.
     0 | D:1      | Reached XP level 1. HP: 12/12 MP: 3/3
     0 | D:1      | 0 ||| qw: Version: 0.3-a-9-g12657ce
     0 | D:1      | 0 ||| qw: Game counter: 4681
     0 | D:1      | 0 ||| qw: Always use a shield: true
     0 | D:1      | 0 ||| qw: God list: Okawaru
     0 | D:1      | 0 ||| qw: Allow faded altars: false
     0 | D:1      | 0 ||| qw: Do Orc after D:15 true
     0 | D:1      | 0 ||| qw: Do second Lair branch before Depths: true
     0 | D:1      | 0 ||| qw: Lair rune preference: random
     0 | D:1      | 0 ||| qw: Plans: Normal
     0 | D:1      | 0 ||| PLANNING D:1-11
   154 | D:1      | Reached XP level 2. HP: 16/16 MP: 4/4
   178 | D:1      | Reached skill level 6 in Ranged Weapons
   390 | D:1      | 390 ||| SWAPPING to +0 arbalest.
   391 | D:1      | 391 ||| DROPPING +0 shortbow.
   833 | D:1      | 833 ||| READING scroll labelled GARAJA JACAFE.
   836 | D:1      | 836 ||| READING scroll labelled WUSTRU HYTT.
   837 | D:1      | 837 ||| DRINKING 3 fizzy pink potions.
   838 | D:1      | 838 ||| DROPPING scroll of butterflies.
   892 | D:2      | Found a faded altar of an unknown god.
   926 | D:2      | Reached XP level 3. HP: 20/20 MP: 5/5
   995 | D:2      | Noticed Natasha
   998 | D:2      | 998 ||| Stepping ~*~*~tactically~*~*~ (outnumbered).
  1000 | D:2      | 1000 ||| Stepping ~*~*~tactically~*~*~ (outnumbered).
  1002 | D:2      | 1002 ||| Stepping ~*~*~tactically~*~*~ (outnumbered).
  1004 | D:2      | 1004 ||| Stepping ~*~*~tactically~*~*~ (outnumbered).
  1009 | D:2      | HP: 5/20 [bat zombie (1)]
  1011 | D:2      | Slain by Natasha

Levels and vault maps discovered:
D:1:      saegor_arrival_simple_d, layout_basic
D:2:      layout_basic, hellmonk_ecumenical_altar_dog_temple,
          dilly_guarded_unrand_morg

Skill      XL: |  1  2 |
---------------+-------+-----
Ranged Weapons | 6 |  6.9
Fighting       | |  1.5
Dodging        | |  2.4
Stealth        | |  1.2

Action                     || total
---------------------------++-------
   Fire: Shortbow          ||    45
         Arbalest          ||    25
    Use: Scroll            ||     2
         Potion            ||     1
 Armour: Leather armour    ||     9
  Dodge: Dodged            ||    24

Table legend:
 A = Non-vault XP
 B = Vault XP
 C = Vault XP percentage of total XP
 D = Non-vault monster count
 E = Vault monster count
 F = Vault count percentage of total count
                 A         B        C        D         E       F
            +---------+---------+-------+---------+---------+-------
      Total |      55 |       9 |  14.1 |      26 |       4 |  13.3
            +---------+---------+-------+---------+---------+-------
        D:1 |      34 |       0 |   0.0 |      21 |       0 |   0.0
        D:2 |      21 |       9 |  30.0 |       5 |       4 |  44.4
            +---------+---------+-------+---------+---------+-------
